 Dungeon Crawl Stone Soup version 0.22-a0-587-g7d32d7c (webtiles) character file.

24 sking99 the Skirmisher (level 3, -1/30 HPs)
             Began as a Formicid Abyssal Knight on July 4, 2018.
             Was a Follower of Lugonu.
             Slain by Natasha (8 damage)
             ... on level 2 of the Dungeon.
             The game lasted 00:01:41 (846 turns).

sking99 the Skirmisher (Formicid Abyssal Knight)     Turns: 846, Time: 00:01:42

Health: -1/30      AC:  3    Str: 17    XL:     3   Next: 15%
Magic:  4/4        EV: 11    Int: 11    God:    Lugonu [*.....]
Gold:   90         SH:  0    Dex: 10    Spells: 2/2 levels left

rFire    . . .     SeeInvis +   a - +1 mace
rCold    . . .     Gourm    .   (no shield)
rNeg     . . .     Faith    .   b - +0 leather armour
rPois    .         Spirit   .   (helmet unavailable)
rElec    .         Reflect  .   (no cloak)
rCorr    .         Harm     .   (no gloves)
MR       .....                  (no boots)
Stlth    +.........             (no amulet)
HPRegen  0.10/turn              (no ring)
MPRegen  0.09/turn              (no ring)

@: no status effects
A: permanent stasis, dig shafts and tunnels, four strong arms, antennae 3
a: Dig, Shaft Self, Depart the Abyss, Renounce Religion


You were on level 2 of the Dungeon.
You worshipped Lugonu.
Lugonu was aware of your devotion.
You were not hungry.

You visited 1 branch of the dungeon, and saw 2 of its levels.
You visited the Abyss 1 time.

You collected 90 gold pieces.

Inventory:

Hand Weapons
 a - a +1 mace (weapon)
Armour
 b - a +0 leather armour (worn)
Jewellery
 i - a cursed ring of see invisible {unknown}
 j - an uncursed ring of fire {unknown}
Scrolls
 d - 3 scrolls of identify {unknown}
 e - 3 scrolls of teleportation {unknown}
 h - 2 scrolls of amnesia {unknown}
Potions
 g - a potion of invisibility {unknown}
Comestibles
 c - 3 rations
 f - 5 chunks of flesh


   Skills:
 + Level 3.6 Fighting
 * Level 2.7 Maces & Flails
 - Level 2.1 Armour
 - Level 0.8 Dodging
 + Level 2.6 Invocations


You had 2 spell levels left.
You didn't know any spells.
Your spell library was empty.

Dungeon Overview and Level Annotations

Branches:
Dungeon (1/15)

Altars:

Annotations:
D:2 Natasha


Innate Abilities, Weirdness & Mutations

You cannot be hasted, slowed, berserked, paralysed or teleported.
You can dig through walls and to a lower floor.
Your four strong arms can wield two-handed weapons with a shield.
You have a pair of large antennae on your head. (SInv)


Message History

The magic dart hits you!
You completely miss Natasha. Natasha casts a spell at you.
The magic dart hits you!
You barely miss Natasha. Natasha misses you.
You hit Natasha but do no damage. Natasha claws you.
You barely miss Natasha. Natasha claws you but does no damage.
Natasha casts a spell at you.
Your stasis prevents you from being slowed.
You hit Natasha.
Natasha is moderately wounded.
Natasha closely misses you.
You barely miss Natasha.
Natasha is moderately wounded.
Natasha claws you.
* * * LOW HITPOINT WARNING * * *
You closely miss Natasha.
Natasha is moderately wounded.
Natasha claws you!
You die...

## #####
.###...# ..#.?.#
###.#####.#...#
......h@.....#
##.#####.....###
$. ##.......#
#.##.....####
#...รท....#
#.........#
#..####....# #.
##..## # ##[#


You could see Natasha.

Vanquished Creatures
  A dart slug (D:1)
  2 leopard geckos
  A giant cockroach (D:1)
  A goblin (D:1)
  2 hobgoblins (D:1)
  3 jackals (D:2)
  3 kobolds (D:1)
  A ball python (D:1)
  3 frilled lizards (D:1)
  2 rats (D:1)
19 creatures vanquished.

Notes
Turn   | Place    | Note
-------+----------+-------------------------------------------
     0 | Abyss:1  | sking99 the Formicid Abyssal Knight began the quest for the Orb.
     0 | Abyss:1  | Reached XP level 1. HP: 18/18 MP: 2/2
    30 | Abyss:1  | Noticed a thrashing horror
    32 | D:1      | Escaped the Abyss
    48 | D:1      | Noticed a minotaur skeleton
    48 | D:1      | Noticed a minotaur skeleton
   195 | D:1      | Reached XP level 2. HP: 15/24 MP: 3/3
   414 | D:1      | Reached * piety under Lugonu
   752 | D:1      | You fall through a shaft!
   760 | D:2      | Reached XP level 3. HP: 29/29 MP: 4/4
   838 | D:2      | Noticed Natasha
   846 | D:2      | Slain by Natasha

Vault maps used:
D:1:      shiori_arrival_whats_in_store_for_you
D:2:      minmay_heptomino_o4, uniq_natasha, uniq_sigmund

Action                   || total
-------------------------++-------
Melee: Mace              ||    61
Invok: Depart the Abyss  ||     1
Armor: Leather armour    ||    14
Dodge: Dodged            ||    43

Table legend:
 A = Spawn XP
 B = Non-spawn XP
 C = Spawn XP percentage of total XP
 D = Spawn monster count
 E = Non-spawn monster count
 F = Spawn count percentage of total count
 G = Total turns spent on level
                    A         B        C        D         E        F      G
               +---------+---------+-------+---------+---------+-------+---------
         Total |       0 |      35 |   0.0 |       0 |      19 |   0.0 |   846
               +---------+---------+-------+---------+---------+-------+---------
           D:1 |       0 |      26 |   0.0 |       0 |      15 |   0.0 |   720
           D:2 |       0 |       9 |   0.0 |       0 |       4 |   0.0 |    94
               +---------+---------+-------+---------+---------+-------+---------
